AoeStats
← K

Fortress

508716007Analyzed
4v4 RM · 10d ago on Sep 23, 2026· 31m 8s· 8 players
Game mode
Random Map
Map size
Huge
Population
200
Speed
Normal
Resources
Standard
Victory
Conquest
Starting age
Dark Age
Ending age
Imperial Age
RankedLock teamsTeams togetherTeam positionsShared explorationLock speedFull tech treeHidden civsTurbo modeCheats
Victory
Defeat
🇻🇪 Aztecs · Venezuela
1246
+14
🇲🇽 Vikings · Mexico
1229
+15
🇨🇴 Bulgarians · Colombia
1229
+15
🇬🇧 Huns · United Kingdom
1213
+15
🇨🇿 Khmer · Czechia
1233
-16
🇨🇴 Britons · Colombia
1206
-15
🇫🇷 Byzantines · France
1195
-14
🇬🇪 Bengalis · Georgia
1186
-14
Monkeyvulin
8:20 Feudal Age
9:36 Double-Bit Axe
9:53 Horse Collar
13:06 Castle Age
12:01 Scale Mail Armor
14:21 Chain Mail Armor
14:16 Forging
15:54 Bow Saw
18:36 Heavy Plow
20:10 Gold Mining
21:57 Wheelbarrow
23:42 Squires
23:52 Loom
27:22 Imperial Age
25:12 Hand Cart
25:47 Gold Shaft Mining
26:00 Iron Casting
25:29 Treadmill Crane
26:50 Gambesons
28:28 Conscription
29:23 Logistica
29:48 Elite Varangian Guard
31:45 Two-Man Saw
31:16 Crop Rotation
32:03 Plate Mail Armor
Elfelo
7:30 Feudal Age
8:49 Loom
11:38 Castle Age
9:56 Double-Bit Axe
10:04 Horse Collar
10:53 Fletching
12:46 Bow Saw
19:09 Bodkin Arrow
19:29 Town Watch
20:39 Ballistics
23:03 Wheelbarrow
27:50 Imperial Age
26:20 Heavy Plow
26:20 Pikeman
27:01 Squires
26:46 Gambesons
26:47 Arson
27:04 Padded Archer Armor
27:14 Forging
27:04 Scale Mail Armor
27:16 Masonry
28:01 Fortified Wall
28:20 Town Patrol
28:37 Leather Archer Armor
28:38 Bracer
28:40 Scale Mail Armor
30:04 Architecture
30:20 Conscription
31:20 Chemistry
Kovboj
6:37 Feudal Age
11:44 Castle Age
9:56 Double-Bit Axe
10:41 Horse Collar
11:28 Loom
16:15 Gold Mining
17:54 Wheelbarrow
17:50 Scale Barding Armor
18:36 Forging
20:42 Chain Barding Armor
25:12 Imperial Age
23:59 Gold Shaft Mining
24:24 Fletching
25:10 Iron Casting
25:20 Bow Saw
25:56 Ballistics
26:15 Conscription
26:19 Town Watch
27:21 Plate Barding Armor
26:54 Devotion
28:28 Bloodlines
28:20 Husbandry
Ebrin
8:03 Feudal Age
9:32 Double-Bit Axe
11:59 Castle Age
10:12 Horse Collar
13:10 Light Cavalry
14:09 Bow Saw
15:16 Fervor
16:45 Heavy Plow
19:06 Wheelbarrow
22:26 Hand Cart
26:11 Imperial Age
23:41 Town Watch
24:33 Padded Archer Armor
24:24 Fletching
24:36 Padded Archer Armor
25:10 Bodkin Arrow
26:01 Sanctity
25:44 Devotion
26:05 Loom
27:28 Conscription
27:16 Loom
27:57 Loom
28:04 Loom
28:36 Bracer
28:57 Ballistics
28:41 Murder Holes
K
8:28 Feudal Age
12:29 Castle Age
11:13 Double-Bit Axe
13:54 Horse Collar
14:56 Loom
17:47 Gold Mining
19:41 Heavy Plow
20:51 Bow Saw
21:19 Wheelbarrow
20:29 Loom
25:45 Imperial Age
23:30 Forging
23:45 Husbandry
23:56 Bloodlines
23:48 Marauders
24:34 Gold Shaft Mining
24:07 Town Watch
24:55 Scale Barding Armor
26:31 Iron Casting
26:25 Hand Cart
27:12 Chain Barding Armor
26:58 Stone Mining
28:49 Two-Man Saw
29:08 Blast Furnace
28:34 Elite Tarkan
30:04 Plate Barding Armor
mike
0:52 Loom
7:31 Feudal Age
7:42 Feudal Age
12:31 Castle Age
10:41 Horse Collar
10:47 Double-Bit Axe
12:11 Scale Mail Armor
18:08 Chain Mail Armor
20:33 Fletching
21:18 Forging
21:47 Squires
25:03 Arson
25:56 Iron Casting
25:37 Chieftains
33:40 Imperial Age
Todas Mienten
7:49 Feudal Age
11:28 Castle Age
10:04 Double-Bit Axe
9:59 Horse Collar
12:54 Bow Saw
13:21 Heavy Plow
18:36 Wheelbarrow
17:50 Town Watch
17:53 Loom
18:38 Sanctity
20:37 Fletching
21:24 Sanctity
20:57 Gold Mining
21:23 Hand Cart
21:33 Elite Skirmisher
27:03 Imperial Age
24:57 Bodkin Arrow
25:52 Ballistics
25:42 Atlatl
25:49 Padded Archer Armor
27:54 Gold Shaft Mining
27:09 Stone Mining
27:21 Capped Ram
28:13 Bracer
28:29 Leather Archer Armor
29:37 Chemistry
29:44 Block Printing
29:54 Illumination
29:42 Siege Ram
Kestrel
7:17 Feudal Age
11:56 Castle Age
10:20 Double-Bit Axe
10:40 Horse Collar
11:13 Stone Mining
13:15 Bow Saw
13:31 Heavy Plow
14:00 Gold Mining
16:49 Wheelbarrow
20:10 Loom
21:57 Town Watch
26:02 Hand Cart
29:58 Imperial Age
28:01 Town Patrol
28:53 Scale Barding Armor
29:00 Forging
29:36 Stirrups
30:12 Chain Barding Armor
30:27 Iron Casting
30:53 Iron Casting
30:36 Husbandry
30:49 Bloodlines
30:42 Fletching
31:31 Bodkin Arrow
Connection lost

Rejoining the realm…

Still unreachable

The connection could not be restored.

Session expired

The server has moved on; the page needs a fresh start.